 Dungeon Crawl Stone Soup version 0.31-a0-986-g5e6e4ef867 (webtiles) character file.

Game seed: 2509448908250554681

1605 Naiya55 the Cleaver (level 9, -6/72 HPs)
             Began as a Formicid Fighter on Nov 4, 2023.
             Was a Follower of Okawaru.
             Mangled by Duvessa
             ... wielding a +0 short sword
              (11 damage)
             ... on level 7 of the Dungeon.
             The game lasted 00:09:15 (5985 turns).

Naiya55 the Cleaver (Formicid Fighter)              Turns: 5985, Time: 00:09:15

Health: -6/72      AC: 19    Str: 25    XL:     9   Next: 16%
Magic:  9/9        EV:  6    Int:  8    God:    Okawaru [*.....]
Gold:   226        SH:  5    Dex: 13    Spells: 8/8 levels left

rFire   + . .        K - +2 war axe (freeze)
rCold   . . .        c - +0 buckler
rNeg    . . .        E - +2 plate armour {Will+}
rPois   .            (helmet unavailable)
rElec   .            (no cloak)
rCorr   .            D - +0 pair of gloves
SInv    +            q - +0 pair of boots
Will    +....        (no amulet) Stlth
                     e - +4 ring of protection
HPRegen 0.32/turn    t - ring of protection from fire
MPRegen 0.11/turn

%: no passive effects
@: no status effects
A: permanent stasis, dig shafts and tunnels, antennae 3, four strong arms
a: Dig, Shaft Self, Renounce Religion, Heroism


You were on level 7 of the Dungeon.
You worshipped Okawaru.
Okawaru was aware of your devotion.
You visited 2 branches of the dungeon, and saw 8 of its levels.

You collected 226 gold pieces.

Inventory:

Hand Weapons
 d - a +3 dire flail of venom
 I - a +0 morningstar
 K - a +2 war axe of freezing (weapon)
Armour
 c - a +0 buckler (worn)
 q - a +0 pair of boots (worn)
 D - a +0 pair of gloves (worn)
 E - a +2 plate armour of willpower (worn)
Jewellery
 e - a +4 ring of protection (left hand)
 t - a ring of protection from fire (right hand)
 x - a +6 ring of dexterity
Wands
 u - a wand of flame (9)
 F - a wand of iceblast (9)
 G - a wand of paralysis (3)
 H - a wand of light (3)
Scrolls
 f - 3 scrolls of fear {unknown}
 g - a scroll of silence {unknown}
 h - 5 scrolls of identify {unknown}
 i - a scroll of noise {unknown}
 j - 2 scrolls of enchant armour {unknown}
 l - 4 scrolls of teleportation {unknown}
 m - a scroll of acquirement {unknown}
 n - 3 scrolls of revelation {unknown}
 p - a scroll of torment {unknown}
 y - a scroll of vulnerability {unknown}
 z - 2 scrolls of amnesia {unknown}
 J - a scroll of butterflies {unknown}
Potions
 b - a potion of magic {unknown}
 k - 2 potions of curing {unknown}
 o - 2 potions of attraction {unknown}
 r - a potion of lignification
 s - a potion of resistance {unknown}
 v - 2 potions of enlightenment {unknown}
 w - 2 potions of haste
 A - a potion of mutation {unknown}
 B - a potion of degeneration {unknown}
 C - a potion of heal wounds {unknown}


   Skills:
 + Level 7.4 Fighting
 * Level 8.8 Axes
 - Level 3.2 Armour
 - Level 4.0 Shields
 + Level 3.1 Evocations


You had 8 spell levels left.
You didn't know any spells.
Your spell library contained the following spells:

 Spells                   Type           Power      Damage    Failure   Level
 Magic Dart               Conj           0%         1d3       100%        1
 Shock                    Conj/Air       0%         1d3       100%        1
 Slow                     Hex            0%         N/A       100%        1
 Poisonous Vapours        Pois/Air       0%         N/A       100%        2
 Confusing Touch          Hex            0%         N/A       100%        3
 Mephitic Cloud           Conj/Pois/Air  0%         N/A       100%        3
 Sigil of Binding         Hex            0%         N/A       100%        3
 Vampiric Draining        Necr           0%         2d6       100%        3
 Airstrike                Air            0%         2d(0-16)  100%        4
 Freezing Cloud           Conj/Ice/Air   0%         6-21      100%        5
 Call Imp                 Summ           Unusable   N/A       N/A         2
 Swiftness                Air            Unusable   N/A       N/A         3

Dungeon Overview and Level Annotations

Branches:
Dungeon (7/15)             Temple (1/1) D:5

Altars:
Ashenzari
Cheibriados
Dithmenos
Elyvilon
Fedhas
Gozag
Hepliaklqana
Kikubaaqudgha
Makhleb
Nemelex Xobeh
Okawaru
Qazlal
Sif Muna
Uskayaw
Vehumet
Wu Jian
Xom
Yredelemnul
Zin
The Shining One

Annotations:
D:6 Jeremiah
D:7 Duvessa


Innate Abilities, Weirdness & Mutations

You cannot be hasted, slowed, berserked, paralysed or teleported.
You can dig through walls and to a lower floor.
You have a pair of large antennae on your head. (SInv)
Your four strong arms can wield two-handed weapons with a shield.


Message History

Duvessa hits you with a +0 short sword!
You are too injured to fight recklessly!
You are too injured to fight recklessly!
You are too injured to fight recklessly!
You are too injured to fight recklessly!
You are too injured to fight recklessly!
You are too injured to fight recklessly!
You are too injured to fight recklessly!
You are too injured to fight recklessly!
You are too injured to fight recklessly!
You are too injured to fight recklessly!
You are too injured to fight recklessly!
You are too injured to fight recklessly!
You are too injured to fight recklessly!
You are too injured to fight recklessly!
You are too injured to fight recklessly!
You are too injured to fight recklessly!
You are too injured to fight recklessly!
You are too injured to fight recklessly!
You are too injured to fight recklessly!
Okay, then.
You slash the black bear! You freeze the black bear.
You kill the black bear!
Okawaru accepts your kill. Duvessa hits you with a +0 short sword.
* * * LOW HITPOINT WARNING * * *
Your Evocations skill increases to level 3!
You hit Duvessa but do no damage.
Duvessa is heavily wounded.
You block Duvessa's attack.
You hit Duvessa. You freeze Duvessa.
Duvessa is heavily wounded.
Duvessa hits you with a +0 short sword.
* * * LOW HITPOINT WARNING * * *
Duvessa hits you with a +0 short sword!
* * * LOW HITPOINT WARNING * * *
You hit Duvessa. You freeze Duvessa.
Duvessa is heavily wounded.
Duvessa hits you with a +0 short sword!
You die...

###########.#
#.# #.# #.#
#.####
####....#
#.)...#.# .
#.###.#.# )..
#@# #...#
..[..#e#######
.......).?...#
.............#
.............#
.............#
.............#
....(........#
........######


You could see Duvessa (berserk).

Vanquished Creatures
  Menkaure (D:6)
  Edmund (D:6)
  An ice beast (D:6)
  An orc warrior (D:6)
  2 black bears
  An ogre (D:4)
  A bullfrog (D:4)
  3 scorpions
  Dowan (D:7)
  A howler monkey (D:7)
  5 hounds
  3 jellies
  An orc priest (D:4)
  5 iguanas
  A sleepcap (D:6)
  An orc wizard (D:7)
  3 gnolls (D:6)
  4 adders
  A white imp (D:6)
  2 worms
  13 orcs
  7 ball pythons
  2 bat zombies (D:5)
  5 endoplasms
  3 giant cockroaches
  3 goblins
  5 hobgoblins
  2 quokkas
  3 bats
  7 frilled lizards
  5 kobolds
  7 rats
  A rat zombie (D:5)
102 creatures vanquished.

Notes
Turn   | Place    | Note
-------+----------+-------------------------------------------
     0 | D:1      | Naiya55 the Formicid Fighter began the quest for the Orb.
     0 | D:1      | Reached XP level 1. HP: 18/18 MP: 1/1
   238 | D:1      | Reached XP level 2. HP: 18/24 MP: 2/2
   539 | D:1      | Found a faded altar of an unknown god.
   749 | D:2      | Reached skill level 3 in Axes
   749 | D:2      | Reached XP level 3. HP: 25/30 MP: 3/3
  1443 | D:3      | Reached XP level 4. HP: 36/37 MP: 4/4
  1887 | D:4      | Found a shadowy altar of Dithmenos.
  1888 | D:4      | Found a basalt altar of Yredelemnul.
  1888 | D:4      | Found a radiant altar of Vehumet.
  1904 | D:4      | Found a white marble altar of Elyvilon.
  1952 | D:4      | Noticed a black bear
  1957 | D:4      | Killed a black bear
  1958 | D:4      | Reached skill level 4 in Axes
  1958 | D:4      | Reached XP level 5. HP: 43/43 MP: 5/5
  2003 | D:4      | Noticed an ogre
  2007 | D:4      | Killed an ogre
  2008 | D:4      | Reached skill level 5 in Axes
  2008 | D:4      | Reached XP level 6. HP: 15/50 MP: 6/6
  2149 | D:4      | Reached skill level 5 in Fighting
  2531 | D:4      | Reached XP level 7. HP: 52/56 MP: 7/7
  2596 | D:4      | Reached skill level 6 in Axes
  3166 | D:5      | Entered Level 5 of the Dungeon
  3506 | D:5      | Found a staircase to the Ecumenical Temple.
  3532 | D:5      | Reached skill level 7 in Axes
  3532 | D:5      | Reached XP level 8. HP: 62/64 MP: 8/8
  3799 | D:5      | Found a sparkling altar of Nemelex Xobeh.
  3980 | D:5      | Found an ancient bone altar of Kikubaaqudgha.
  4203 | Temple   | Entered the Ecumenical Temple
  4312 | Temple   | Became a worshipper of Warmaster Okawaru
  4504 | D:6      | Noticed Jeremiah
  4883 | D:6      | Noticed Edmund
  4896 | D:6      | Killed Edmund
  4897 | D:6      | Reached skill level 1 in Evocations
  5114 | D:6      | Reached skill level 8 in Axes
  5260 | D:6      | Reached * piety under Okawaru
  5330 | D:6      | Noticed Menkaure
  5341 | D:6      | Killed Menkaure
  5637 | D:6      | Reached XP level 9. HP: 72/72 MP: 9/9
  5887 | D:7      | Noticed Dowan
  5935 | D:7      | Killed Dowan
  5974 | D:7      | Noticed Duvessa
  5985 | D:7      | Mangled by Duvessa

Illustrated notes

Levels and vault maps discovered:
D:1:      lightli_iron_boxes, layout_basic,
          shapermc_ecumenical_altar_mp_ritualfount
D:2:      minmay_wonky_spiral, layout_loops_ring
D:3:      layout_rooms
D:4:      layout_loops_corners, nicolae_overflow_quartered_altars,
          chequers_garden
D:5:      layout_loops_ring, lemuel_zombie_altar_kikubaaqudgha,
          mainiacjoe_overflow_six_doors_small, minmay_temple_entry_tees,
          grunt_decor_mini_mirrors
D:6:      layout_rooms, uniq_jeremiah, uniq_edmund, uniq_menkaure
D:7:      layout_basic, uniq_duvessa
Temple:   minmay_temple_curvy_branch

Skill      XL: |  1  2  3  4  5  6  7  8  9 |
---------------+----------------------------+-----
Axes           | 3 4 5 7 8 |  8.8
Fighting       | 4 5 6 7 |  7.4
Evocations     | 2 3 |  3.1
Armour         | |  3.2
Shields        | |  4.0

Action                     |  1- 3 |  4- 6 |  7- 9 || total
---------------------------+-------+-------+-------++-------
  Melee: War axe           |    68 |    61 |   200 ||   329
Ability: Dig               |       |     3 |       ||     3
    Use: Potion            |       |     1 |     3 ||     4
 Armour: Scale mail        |    46 |    39 |    42 ||   127
         Plate armour      |       |       |   117 ||   117
         Skin              |       |       |     3 ||     3
  Dodge: Dodged            |    33 |    32 |    49 ||   114
  Block: Buckler           |    22 |    17 |    41 ||    80

Table legend: (Time is in decaauts)
 A = Elapsed time spent in this place.
 B = Non-inter-level travel time spent in this place.
 C = Inter-level travel time spent in this place.
 D = Time resting spent in this place.
 E = Time spent auto-exploring this place.
 F = Levels seen in this place.
 G = Mean time per level.
                   A        B        C        D        E       F      G
               +--------+--------+--------+--------+--------+-----+--------+
         Total |   6067 |   5844 |    223 |    392 |   4222 |   8 |  758.4 |
       Dungeon |   5950 |   5727 |    223 |    392 |   4222 |   7 |  850.0 |
        Temple |    117 |    117 |      0 |      0 |      0 |   1 |  117.0 |
               +--------+--------+--------+--------+--------+-----+--------+

Top non-repeatable levels by time:
     D:5: 1360 daAuts
     D:4: 1293 daAuts
     D:6: 1221 daAuts
     D:2: 802 daAuts
     D:1: 654 daAuts
     D:3: 465 daAuts
     D:7: 151 daAuts
  Temple: 117 daAuts
